Cogmind - Beta 14 @@@ ROGUE MODE // 2025.03.22 @ 21:46:56 Player: Wodorek Result: Self-destructed Performance ------------- Evolutions (0) 0 Regions Visited (4) 800 Robots Destroyed (10) 50 Value Destroyed (91) 91 Prototype IDs (23) 460 Alien Tech Used (0) 0 Bonus (293) 293 TOTAL SCORE: 1694 Bonus ------- Aligned with FarCom 300 Friendly Fire -7 Cogmind --------- Core Integrity 200/250 Matter 272/300 Energy 100/100 System Corruption 0% Temperature Cool (0) Movement Treading (160) Location -9/Mines Parts ------- > --- POWER (1) -------- (None) > --- PROPULSION (2) --- Light Treads Light Treads > --- UTILITY (2) ------ Targeting Computer Core Shielding > --- WEAPON (2) ------- (None) > --- INVENTORY (5) ---- Light Treads Superbattery (1500) AWS/Autocannon Peak State ------------ > --- POWER ------------ Light Ion Engine > --- PROPULSION ------- Light Treads Light Treads > --- UTILITY ---------- Targeting Computer Core Shielding > --- WEAPON ----------- Rocket Launcher Makeshift Sword > --- INVENTORY -------- Light Treads Superbattery AWS/Autocannon [Rating: 15] Favorites ----------- Power Light Ion Engine Engine Light Ion Engine Propulsion Light Treads Treads Light Treads Utility Targeting Computer Processor Targeting Computer Protection Core Shielding Weapon Rocket Launcher Energy Gun EM Pulse Gun Launcher Rocket Launcher Slashing Weapon Makeshift Sword Build | -11 -10 -10 -10 -9 ------- Run | Yrd Mat Min Exi Min Slots Evolved . | . . . . . Power . | . . . . . Propulsion . | . . . . . Utility . | . . . . . Weapon . | . . . . . Parts Attached 9 | 5 . 4 . . Power 1 | 1 . . . . Engine 1 | 1 . . . . Core . | . . . . . Reactor . | . . . . . Propulsion 2 | 2 . . . . Treads 2 | 2 . . . . Leg . | . . . . . Wheel . | . . . . . Hover . | . . . . . Flight . | . . . . . Utility 2 | . . 2 . . Device . | . . . . . Storage . | . . . . . Processor 1 | . . 1 . . Hackware . | . . . . . Protection 1 | . . 1 . . Artifact . | . . . . . Weapon 4 | 2 . 2 . . Energy Gun 2 | 2 . . . . Energy Cannon . | . . . . . Ballistic Gun . | . . . . . Ballistic Cannon . | . . . . . Launcher 1 | . . 1 . . Special Weapon . | . . . . . Impact Weapon . | . . . . . Slashing Weapon 1 | . . 1 . . Piercing Weapon . | . . . . . Special Melee Weapon . | . . . . . Unidentified Prototypes . | . . . . . Parts Lost 2 | . . . . 2 Power 1 | . . . . 1 Propulsion . | . . . . . Utility . | . . . . . Weapon 1 | . . . . 1 Highest Loss Streak 2 | . . . . 2 To Critical Strikes . | . . . . . Average Slot Usage (%) 89 | . 71 76 98 78 Engine 13 | . 14 14 14 10 Treads 28 | . 28 28 28 28 Processor 9 | . . 2 14 14 Protection 9 | . . 2 14 14 Energy Gun 2 | . 28 3 . . Launcher 13 | . . 13 14 10 Slashing Weapon 11 | . . 10 12 . Peak Build Rating 15 | 5 5 11 15 11 Average Rating 9 | 3 5 8 11 10 On Entrance 6 | . 5 5 11 11 Naked Turns . | . . . . . Heaviest Build 10 | 7 7 10 10 8 Greatest Support 40 | 40 40 40 40 40 Greatest Overweight (x) . | . . . . . Average Overweight (x) . | . . . . . Largest Inventory Capacity 5 | 5 5 5 5 5 Average Capacity 5 | 5 5 5 5 5 Most Carried 5 | . 1 5 5 5 Average Carried 3 | . . 2 4 5 Final Capacity 5 | 5 5 5 5 5 Final Carried 5 | . 1 4 5 5 Class Distribution -------------------- 100% | Mutant Dominant Class ---------------- Mutant | -10/Materials Mutant | -10/Mines Mutant | -10/Exiles Mutant | -9/Mines Resources | -11 -10 -10 -10 -9 ----------- Run | Yrd Mat Min Exi Min Matter Collected 351 | 250 . 86 9 6 Remotely . | . . . . . Salvage Created 68 | . . 49 . 19 Parts 7 | . . 4 . 3 Haulers Intercepted . | . . . . . Recyclers Shooed . | . . . . . Parts Field Recycled . | . . . . . Retrieved Matter . | . . . . . Parts Self-Destructed . | . . . . . Prevented . | . . . . . Kills | -11 -10 -10 -10 -9 ------- Run | Yrd Mat Min Exi Min Combat Hostiles Destroyed 9 | . . 6 . 3 AOE 9 | . . 6 . 3 Classes Destroyed 2 | . . 2 . . Worker 1 | . . 1 . . Swarmer 9 | . . 6 . 3 Best Kill Streak 4 | . . 4 . 3 Combat Bots Only 3 | . . 3 . 3 Max Kills in Single Turn 2 | . . 2 . 2 Gunslinging . | . . . . . Exploded 2 | . . 2 . 2 Melee . | . . . . . Uniques/NPCs Destroyed . | . . . . . Combat | -11 -10 -10 -10 -9 -------- Run | Yrd Mat Min Exi Min Hostile Shots Fired 16 | . . 9 . 7 Missed 4 | . . 3 . 1 Damage Taken 335 | . . 52 . 283 Core 50 | . . 7 . 43 Absorbed by Shields . | . . . . . Redirected to Shielding 7 | . . . . 7 Core Remaining (%) 100 | 100 . . . . Volleys Fired 9 | . . 5 . 4 Largest 1 | . . 1 . 1 Hottest 33 | . . 33 . 33 Shots Fired 9 | . . 5 . 4 Gun . | . . . . . Cannon . | . . . . . Launcher 9 | . . 5 . 4 Special . | . . . . . Kinetic . | . . . . . Thermal . | . . . . . Explosive 9 | . . 5 . 4 Electromagnetic . | . . . . . Robot Hit Streak 1 | . . 1 . . Robot Miss Streak 3 | . . 3 . 1 Penetration Max . | . . . . . Secondary Targets . | . . . . . Shots Hit Robots 1 | . . 1 . . Core Hits 17 | . . 11 . 6 Critical Kills . | . . . . . Critical Parts Destroyed . | . . . . . Critical Strikes . | . . . . . Melee Attacks . | . . . . . Impact . | . . . . . Slashing . | . . . . . Piercing . | . . . . . Sneak Attacks . | . . . . . Combat Hostiles . | . . . . . Follow-up Attacks . | . . . . . Damage Inflicted 714 | . . 437 . 277 Guns . | . . . . . Cannons . | . . . . . Explosions 714 | . . 437 . 277 Melee . | . . . . . Ramming . | . . . . . Kinetic . | . . . . . Thermal . | . . . . . Explosive 714 | . . 437 . 277 Electromagnetic . | . . . . . Impact . | . . . . . Slashing . | . . . . . Piercing . | . . . . . Highest Corruption . | . . . . . Average Corruption . | . . . . . Corruption Purged . | . . . . . Corruption Blocked . | . . . . . Overload Shots . | . . . . . Overflow Damage 40 | . . 36 . 4 Projectiles . | . . . . . Explosions 40 | . . 36 . 4 Melee . | . . . . . Knockbacks . | . . . . . Impact . | . . . . . Kinetic . | . . . . . Secondary . | . . . . . Self-Inflicted Damage . | . . . . . Shots . | . . . . . Rammed . | . . . . . Targets Rammed . | . . . . . Kicked . | . . . . . Crushed . | . . . . . Highest Temperature . | . . . . . Average Temperature . | . . . . . Received Heat Transfer . | . . . . . Siege Activations . | . . . . . Robots Corrupted . | . . . . . Combat Hostiles . | . . . . . Parts Fried . | . . . . . Impact Corruptions . | . . . . . Robots Melted . | . . . . . Combat Hostiles . | . . . . . Parts Melted . | . . . . . Heat Transferred . | . . . . . Parts Sabotaged . | . . . . . Parts Stolen . | . . . . . Parts Stripped . | . . . . . Power Chain Reactions . | . . . . . Alert | -11 -10 -10 -10 -9 ------- Run | Yrd Mat Min Exi Min Peak Influence 114 | . 15 114 . 108 Initial 5 | . . 5 . . Average 58 | . 9 67 . 96 Maximum Alert Level . | . . . . . Low Security (%) 100 | 100 100 100 . 100 Level 1 . | . . . . . Level 2 . | . . . . . Level 3 . | . . . . . Level 4 . | . . . . . Level 5 . | . . . . . High Security . | . . . . . Max Security . | . . . . . Squads Dispatched 1 | . 1 . . . Investigation . | . . . . . Extermination . | . . . . . Reinforcement 1 | . 1 . . . Assault . | . . . . . Garrison . | . . . . . Intercept . | . . . . . Searches Triggered . | . . . . . Construction Impeded . | . . . . . Haulers Reinforced . | . . . . . Active Scanning Responses . | . . . . . Cargo Convoy Interrupts . | . . . . . Stealth | -11 -10 -10 -10 -9 --------- Run | Yrd Mat Min Exi Min Distress Signals . | . . . . . Communications Jammed . | . . . . . Distress Signals . | . . . . . Times Spotted 10 | . . 7 . 3 Peak Tracking Total 3 | . 1 3 . 2 Tactical Retreats . | . . . . . Traps | -11 -10 -10 -10 -9 ------- Run | Yrd Mat Min Exi Min Traps Triggered . | . . . . . Indirectly . | . . . . . Trap Hack Attempts . | . . . . . Triggered . | . . . . . Disarmed . | . . . . . Reprogrammed . | . . . . . Reused . | . . . . . Traps Extracted . | . . . . . Installed . | . . . . . Triggered . | . . . . . Machines | -11 -10 -10 -10 -9 ---------- Run | Yrd Mat Min Exi Min Machines Disabled 2 | . . 2 . . Max in Single Turn 2 | . . 2 . . Machines Repaired . | . . . . . Machines Dismantled . | . . . . . Machines Sabotaged . | . . . . . Overloaded Fab Kills . | . . . . . Hacking | -11 -10 -10 -10 -9 --------- Run | Yrd Mat Min Exi Min Machines Accessed 3 | . 1 . 2 . Terminals 1 | . 1 . . . Fabricators . | . . . . . Repair Stations . | . . . . . Recycling Units . | . . . . . Scanalyzers . | . . . . . Garrison Access . | . . . . . Total Hacks 3 | . 1 . 2 . Successful 2 | . . . 2 . Failed 1 | . 1 . . . Catastrophic . | . . . . . Database Lockouts . | . . . . . Manual 5 | . . . 5 . Terminals 1 | . 1 . . . Fabricators . | . . . . . Repair Stations . | . . . . . Recycling Units . | . . . . . Scanalyzers . | . . . . . Garrison Access . | . . . . . Terminal Hacks 2 | . . . 2 . Record 1 | . . . 1 . Derelict Proto ID Bank 1 | . . . 1 . Fabricator Hacks . | . . . . . Repair Station Hacks . | . . . . . Recycling Unit Hacks . | . . . . . Scanalyzer . | . . . . . Garrison Access Hacks . | . . . . . Unauthorized Hacks . | . . . . . Terminals . | . . . . . Fabricators . | . . . . . Repair Stations . | . . . . . Recycling Units . | . . . . . Scanalyzers . | . . . . . Garrison Access . | . . . . . Data Cores Recovered . | . . . . . Used . | . . . . . Hacking Detections 1 | . 1 . . . Full Trace Events . | . . . . . Feedback Events . | . . . . . Feedback Blocked . | . . . . . Robot Schematics Acquired . | . . . . . Robots Built . | . . . . . Authchips . | . . . . . Time . | . . . . . Total Robot Build Rating . | . . . . . Part Schematics Acquired . | . . . . . Parts Built . | . . . . . Authchips . | . . . . . Time . | . . . . . Total Part Build Rating . | . . . . . Parts Repaired . | . . . . . Time . | . . . . . Parts Recycled . | . . . . . Recycled Matter . | . . . . . Retrieved Matter . | . . . . . Retrieved Components . | . . . . . Parts Scanalyzed . | . . . . . Part Schematics Acquired . | . . . . . Parts Damaged . | . . . . . Bothacking | -11 -10 -10 -10 -9 ------------ Run | Yrd Mat Min Exi Min Used RIF Installer . | . . . . . Robots Hacked . | . . . . . Non-combat . | . . . . . Combat . | . . . . . Robot Hacks Applied . | . . . . . Relay Couplers Released . | . . . . . Fabnet Peak Effective % . | . . . . . Robots Rewired . | . . . . . Allies Hacked . | . . . . . Hacks Repelled . | . . . . . Allies | -11 -10 -10 -10 -9 -------- Run | Yrd Mat Min Exi Min Total Allies . | . . . . . Largest Group . | . . . . . Highest-Rated Group . | . . . . . Highest-Rated Ally . | . . . . . Total Orders . | . . . . . Ally Attacks . | . . . . . Total Damage . | . . . . . Kills . | . . . . . Allies Corrupted . | . . . . . Allies Melted . | . . . . . Intel | -11 -10 -10 -10 -9 ------- Run | Yrd Mat Min Exi Min Robot Analysis Total . | . . . . . Derelict Logs Recovered 2 | . . 2 . . Drone Launches . | . . . . . Drone Recoveries . | . . . . . Exploration | -11 -10 -10 -10 -9 ------------- Run | Yrd Mat Min Exi Min Turns Passed 2279 | 53 97 787 1311 31 Spaces Moved 1405 | 32 61 481 817 14 Core 4 | 4 . . . . Treads 1401 | 28 61 481 817 14 Legs . | . . . . . Wheels . | . . . . . Hover . | . . . . . Flight . | . . . . . Fastest Speed 50 | 50 160 160 160 160 Average Speed 159 | 146 160 160 160 160 Slowest Speed 160 | 160 160 160 160 160 Overloaded Moves . | . . . . . Propulsion Burnouts . | . . . . . Robots Hopped . | . . . . . Cave-ins Triggered . | . . . . . Exploration Rate (%) 42 | 3 17 89 93 11 Regions Visited 4 Branch Regions 3 Pre-discovered Areas 1 | . . 1 . . Known Exits Taken . | . . . . . Unknown Exits Taken 4 | 1 1 1 1 . Scrap Searched . | . . . . . Spaces Dug . | . . . . . Terrain Destroyed 94 | . . 50 . 44 Melee . | . . . . . Projectile . | . . . . . AOE 94 | . . 50 . 44 Terrain Rammed . | . . . . . Walls Destroyed . | . . . . . Machines Disabled . | . . . . . Actions | -11 -10 -10 -10 -9 --------- Run | Yrd Mat Min Exi Min Total 1431 | 36 61 493 823 18 Wait . | . . . . . Move 1401 | 31 60 480 816 14 Hop . | . . . . . Pick Up 6 | . 1 3 2 . Fast Attach 7 | 5 . 2 . . Attach 1 | . . 1 . . Detach 1 | . . 1 . . Swap 1 | . . 1 . . Drop 4 | . . . 4 . Fire 9 | . . 5 . 4 Melee . | . . . . . Ram . | . . . . . Kick . | . . . . . Crush . | . . . . . Escape Stasis . | . . . . . Rewire 1 | . . . 1 . Trap . | . . . . . Miscellaneous . | . . . . . Route ------- -11/Scrapyard -10/Materials (discovered 2 exits: [*Min x2]) -10/Mines (discovered 2 exits: [*Mat] / *Exi) -10/Exiles (discovered 2 exits: [*Min x2]) -9/Mines History --------- Turn | Location | Event 17 | -11/Scrapyard | Discovered new exit (range 16) 54 | -11/Scrapyard | Entered Materials 70 | -10/Materials | Discovered new exit (range 16) 111 | -10/Materials | Met 8R-AWN 134 | -10/Materials | Discovered new exit (range 12) 151 | -10/Materials | Entered Mines 153 | -10/Mines | Followed 8R-AWN into the Mines 189 | -10/Mines | Received a Rocket Launcher from a helpful Derelict 255 | -10/Mines | Learned Materials stockpile data 260 | -10/Mines | Learned location of Zion (-6) 312 | -10/Mines | Build established: Mutant 331 | -10/Mines | A weapon hastily lodged in a ceiling crevice suddenly fell to the ground 446 | -10/Mines | YI-UF0 nonchalantly dropped a Grenade Launcher on the ground 761 | -10/Mines | Joined a pair of Derelicts in attacking an 0b10 outpost 862 | -10/Mines | Discovered new exit (range 8) 932 | -10/Mines | Discovered new exit (range 5) 938 | -10/Mines | Entered Exiles 961 | -10/Exiles | Discovered new exit (range 15) 980 | -10/Exiles | Welcomed by 8R-AWN 1018 | -10/Exiles | Met EX-HEX 1142 | -10/Exiles | Visited The Gauntlet 1299 | -10/Exiles | Met EX-DEC 1415 | -10/Exiles | Discovered new exit (range 15) 1538 | -10/Exiles | Met EX-BIN 1560 | -10/Exiles | Aligned with FarCom system 1562 | -10/Exiles | Given EX-Vault access code 1619 | -10/Exiles | Opened EX-Vault 1626 | -10/Exiles | Found Prototype Storage 1681 | -10/Exiles | Warned to stay clear of 0b10 Research branches 2086 | -10/Exiles | Identified Superbattery 2091 | -10/Exiles | Found AWS/Autocannon 2195 | -10/Exiles | Learned about 8R-AWN's background 2249 | -10/Exiles | Stole two prototypes: Superbattery, AWS/Autocannon 2249 | -10/Exiles | Entered Mines 2250 | -9/Mines | Assembled infested the area 2255 | -9/Mines | Assisted by a Guerilla fighting off Assembled 2280 | -9/Mines | Self-destructed Last Messages --------------- Receiving FarCom transmissions... S-10 Pest destroyed. ALERT: Infestation in the mines, dispatching Demolisher response squad. S-10 Pest destroyed. A derelict emerges from the shadows: "You need to get out of here! I've been tracking a group of Assembled to figure out where they're coming from, and they're closing on this area, come on!" The unstable cave ceiling collapses. Acquired 6 matter. 1W-H90(h): "I'll hold them off! Go on ahead or try to find another way!" Destroyed Seismic Detector. Destroyed Imp. Terrain Scanner. 1W-H90(h) destroyed. Lgt. Ion Engine destroyed. Rocket Launcher destroyed. The unstable cave ceiling collapses. Map ----- +----------------------------------------------------+ | ?????????????????????????????????????????? | | ?????????????????????????????????????????? | | ?????????????????????????????????????????? | | ?????????????????????????????????????????? | | ?????????????????????????????????????????? | | ?????????????????????????????????????????? | | ?????????????????????????????????????????? | | ?????????????????????????????????????????? | | ?????????????????????????????????????????? | | ?????????????????????????????????????????? | | ????????????????????????? ?????????????? | | ????????????????????????? ???????????? | | ????????????????????????? ??????????? | | ????????????????????????? ??????????? | | ????????????????????????? #??????????? | | ????????????????????????? % ???????????? | | ????????????????????????? d ???????????? | | ???????????????????????## #???????????? | | ????????????????###????# d ????????????? | | ???????????????? #????# ##???????????? | | ????????????????# #???## ##??????????? | | ????????????????# #?### ##?????????? | | ????????????????# ### #?????????? | | ????????????????# ## #?????????? | | ???????????????## ### #?????????? | | ????????????#### @ #?????????? | | ???????????## # #?????????? | | ?????????### ## ##?????????? | | ?????????# %* ## ##??????????? | | ?????????# ### # ##???????????? | | ?????????# = ##### #???????????? | | ????????## ##???# #???????????? | | ????????# #???# #???????????? | | ????????# # #####???# ##???????????? | | ????????# ## ###???????? ##????????????? | | ????????# ?# #?????????? ##?????????????? | | ????????# ?# #??????????#???????????????? | | ????????# ?# #??????????????????????????? | | ???????? ??# #??????????????????????????? | | ???????###??# #??????????????????????????? | | ????????????# #??????????????????????????? | | ???????????? ???????????????????????????? | | ????????????##???????????????????????????? | | ?????????????????????????????????????????? | | ?????????????????????????????????????????? | | ?????????????????????????????????????????? | | ?????????????????????????????????????????? | | ?????????????????????????????????????????? | | ?????????????????????????????????????????? | | ?????????????????????????????????????????? | +----------------------------------------------------+ Best States ------------- Heat Dissipation 25 Energy Generation 10 Energy Capacity 125 Matter Stores 300 Matter Capacity 300 Sight Range 16 Terrain Scan Density 10 Core Shielding 20 Evasion (%) 40 Targeting Accuracy 5 Recoil Reduction 2 Item Schematics ----------------- None Robot Schematics ------------------ None Fabricated ------------ Nothing Alien Tech Used ----------------- None Achievements -------------- None Challenges ------------ None Game ------ Seed BombBeamCompactor Manual? 0 Play Time 00:13:21 Cumulative 1.5 hours Start 2025.03.22 @ 14:29:31 End 2025.03.22 @ 21:46:56 Sessions 2 Manual Loads 0 Difficulty Rogue Special Mode None Game No. 7 Rogue 7 Adventurer 0 Explorer 0 Win Type - Total 0 Types 0/0/0/0/0/0/0/0/0 Lore% 4 Gallery% 5 Achievement% 7 Wizard Run 0 Options --------- Layout 1 ASCII 0 Keyboard 0 Movement Mouse Keybinds 0 Fullscreen 1 Font 24/Smallcaps Map View 50x35 Zoom Use 0% Tactical HUD 0 Map Filters NONE Filters NONE Steam 1 RUN: ba7c89fa-6bad-4ab9-ac32-20af30b17838